 Dungeon Crawl Stone Soup version 0.24.1 (webtiles) character file.

Game seed: 787716633022761095, levelgen mode: deterministic

1443 Descartes the Skirmisher (level 9, -9/71 HPs)
             Began as a Formicid Abyssal Knight on Apr 2, 2020.
             Was an Elder of Lugonu.
             Mangled by an orc warrior
             ... wielding a +0 scimitar
              (10 damage)
             ... on level 6 of the Dungeon.
             The game lasted 00:13:59 (5252 turns).

Descartes the Skirmisher (Formicid Abyssal Knight)  Turns: 5252, Time: 00:14:00

Health: -9/71      AC:  9    Str: 16    XL:     9   Next: 4%
Magic:  0/13       EV: 13    Int: 13    God:    Lugonu [****..]
Gold:   317        SH:  0    Dex: 13    Spells: 8/8 levels left

rFire    + . .     SeeInvis +   y - +1 hand axe (flame)
rCold    . . .     Gourm    .   (no shield)
rNeg     . . .     Faith    .   F - +1 leather armour {rC+}
rPois    .         Spirit   +   (helmet unavailable)
rElec    .         Reflect  .   m - +2 cloak
rCorr    .         Harm     .   x - +0 pair of gloves
MR       .....                  (no boots)
Stlth    +.........             v - amulet of guardian spirit
HPRegen  0.21/turn              g - ring of fire
MPRegen  0.13/turn              (no ring)

@: no status effects
A: permanent stasis, dig shafts and tunnels, four strong arms, antennae 3
a: Dig, Shaft Self, Depart the Abyss, Bend Space, Banish, Corrupt, Renounce
Religion


You were on level 6 of the Dungeon.
You worshipped Lugonu.
Lugonu was greatly pleased with you.
You were not hungry.

You visited 1 branch of the dungeon, and saw 6 of its levels.
You visited the Abyss 1 time.

You collected 317 gold pieces.

Inventory:

Hand Weapons
 k - a +0 spear of pain
 r - a +1 whip of draining
 y - a +1 hand axe of flaming (weapon)
 K - a +2 rapier of freezing
Missiles
 b - 21 poisoned darts
 e - 2 throwing nets (quivered)
 h - 385 stones
 i - 87 bolts
 s - 19 sling bullets
 B - 100 arrows
 J - 5 boomerangs
Armour
 m - a +2 cloak (worn)
 x - a +0 pair of gloves (worn)
 F - a +1 leather armour of cold resistance (worn)
Jewellery
 g - a ring of fire (left hand)
 v - an amulet of guardian spirit (around neck)
Wands
 G - a wand of polymorph (7)
Scrolls
 d - a scroll of magic mapping {unknown}
 f - 2 scrolls of noise {unknown}
 j - a scroll of enchant armour {unknown}
 l - a scroll of amnesia {unknown}
 n - 2 scrolls of enchant weapon {unknown}
 o - 7 scrolls of identify {unknown}
 q - 2 scrolls of immolation {unknown}
 t - a scroll of teleportation {unknown}
 w - a scroll of fog {unknown}
 z - 4 scrolls of remove curse {unknown}
 E - a scroll of fear {unknown}
 H - 2 scrolls of blinking {unknown}
Potions
 p - 2 potions of curing
 u - 5 potions of heal wounds {unknown}
 A - a potion of brilliance {unknown}
 C - a potion of lignification {unknown}
 D - a potion of ambrosia {unknown}
 I - a potion of magic {unknown}
Comestibles
 a - 10 chunks of flesh
 c - 19 rations


   Skills:
 + Level 6.6 Fighting
 - Level 2.8(3.2) Axes
 - Level 2.4(3.1) Maces & Flails
 + Level 5.7 Armour
 + Level 4.3 Dodging
 + Level 6.1 Invocations


You had 8 spell levels left.
You didn't know any spells.
Your spell library was empty.

Dungeon Overview and Level Annotations

Branches:
Dungeon (6/15)             Temple (0/1) D:6

Altars:
Elyvilon
Qazlal
Sif Muna
Xom


Innate Abilities, Weirdness & Mutations

You cannot be hasted, slowed, berserked, paralysed or teleported.
You can dig through walls and to a lower floor.
Your four strong arms can wield two-handed weapons with a shield.
You have a pair of large antennae on your head. (SInv)


Message History

The orc warrior is heavily wounded.
The orc warrior hits you with a +0 scimitar!
* * * LOW HITPOINT WARNING * * *
You hit the orc warrior but do no damage.
The orc warrior is heavily wounded.
The orc warrior closely misses you.
You hit the orc warrior but do no damage.
The orc warrior is heavily wounded.
The orc warrior completely misses you.
You completely miss the orc warrior.
The orc warrior is heavily wounded.
The orc warrior closely misses you.
You barely miss the orc warrior.
The orc warrior is heavily wounded.
The orc warrior hits you with a +0 scimitar!
* * * LOW HITPOINT WARNING * * *
You closely miss the orc warrior.
The orc warrior is heavily wounded.
The orc warrior hits you with a +0 scimitar!
You die...

#..#..#.#.##.#. .#
.......###.)...###.#
.######.####.#......
.............#
##.#.#....##.#
#.#.#....#
#.....!..#
###.#.#.## #.#%#@#
#...[o....#
#.....##### #.....#
#.....# #.....#
#.....# #......


You could see an orc warrior.

Vanquished Creatures
  A troll (D:4)
  2 sky beasts
  A phantom (D:4)
  4 bullfrogs (D:6)
  2 hounds
  3 bullfrog skeletons
  An orc priest (D:5)
  An iguana (D:6)
  4 orc wizards
  3 worker ants (D:5)
  A hound skeleton (D:4)
  8 gnolls
  A howler monkey skeleton (D:5)
  6 adders
  2 shadow imps (D:5)
  An ooze (D:4)
  An adder skeleton (D:4)
  7 worms
  4 dart slugs
  25 orcs
  A ball python (D:1)
  7 giant cockroaches
  19 goblins
  16 hobgoblins
  2 quokkas
  8 bats
  6 frilled lizards
  A jackal zombie (D:5)
  22 kobolds
  A leopard gecko skeleton (D:4)
  5 rats
166 creatures vanquished.

Notes
Turn   | Place    | Note
-------+----------+-------------------------------------------
     0 | Abyss:1  | Descartes the Formicid Abyssal Knight began the quest for
                  | the Orb.
     0 | Abyss:1  | Reached XP level 1. HP: 18/18 MP: 2/2
    68 | Abyss:1  | Noticed a wraith
    78 | D:1      | Escaped the Abyss
   200 | D:1      | Reached XP level 2. HP: 20/24 MP: 3/3
   564 | D:1      | Reached * piety under Lugonu
   607 | D:1      | Reached skill level 1 in Dodging
   607 | D:1      | Reached XP level 3. HP: 12/30 MP: 4/4
  1222 | D:2      | Reached XP level 4. HP: 31/37 MP: 4/6
  1841 | D:2      | Reached ** piety under Lugonu
  2152 | D:3      | Found a stormy altar of Qazlal.
  2163 | D:3      | Reached XP level 5. HP: 35/43 MP: 5/7
  2333 | D:3      | Found a shimmering altar of Xom.
  2333 | D:3      | Found a white marble altar of Elyvilon.
  2820 | D:4      | Reached skill level 1 in Maces & Flails
  2820 | D:4      | Reached XP level 6. HP: 47/49 MP: 8/8
  2820 | D:4      | Noticed a phantom
  2886 | D:4      | Killed a phantom
  3063 | D:4      | Reached skill level 5 in Fighting
  3190 | D:4      | Reached *** piety under Lugonu
  3207 | D:4      | Reached XP level 7. HP: 37/56 MP: 5/10
  3650 | D:4      | Noticed a troll
  3670 | D:4      | Killed a troll
  4302 | D:5      | Entered Level 5 of the Dungeon
  4353 | D:5      | Reached XP level 8. HP: 60/63 MP: 11/11
  4383 | D:5      | Reached skill level 5 in Invocations
  4642 | D:5      | Found a shimmering blue altar of Sif Muna.
  4718 | D:5      | Reached skill level 5 in Armour
  4798 | D:5      | Reached **** piety under Lugonu
  5082 | D:6      | Found a staircase to the Ecumenical Temple.
  5166 | D:6      | Reached XP level 9. HP: 64/71 MP: 13/13
  5251 | D:6      | HP: 1/71 [orc warrior/+0 scimitar (12)]
  5252 | D:6      | Mangled by an orc warrior

Levels and vault maps discovered:
D:1:      scummos_arrival_gate, layout_loops_ring
D:2:      minmay_diamond_boxcup, layout_loops_ring
D:3:      layout_rooms, gammafunk_temple_overflow_wave, grunt_qazlal_sundering
D:4:      corexii_shantytown, layout_loops_cross, first_ration
D:5:      layout_cave_pools, nicolae_overflow_crystal_walls
D:6:      layout_loops_cross, lemuel_crystal_altar,
          minmay_temple_entry_crystal_x, nrook_loot_triangle, uniq_sigmund

Skill      XL: |  1  2  3  4  5  6  7  8 |
---------------+-------------------------+-----
Fighting       | 4 5 6 |  6.6
Dodging        | 1 2 3 4 |  4.3
Invocations    | 3 4 6 |  6.1
Armour         | 3 4 5 |  5.7
Maces & Flails | 1 2 |  2.4
Axes           | |  2.8

Action                   |  1- 3 |  4- 6 |  7- 9 || total
-------------------------+-------+-------+-------++-------
Melee: Hand axe          |    68 |       |    87 ||   155
       Whip              |    51 |   281 |   248 ||   580
Invok: Depart the Abyss  |     1 |       |       ||     1
 Abil: Dig               |     2 |     5 |     2 ||     9
  Use: Potion            |       |     2 |       ||     2
 Stab: Sleeping          |       |     1 |       ||     1
  Eat: Chunk             |    14 |       |     6 ||    20
Armor: Leather armour    |    56 |    64 |   123 ||   243
       Ring mail         |       |    51 |       ||    51
Dodge: Dodged            |    91 |   171 |   247 ||   509
